 Dungeon Crawl Stone Soup version 0.23.1 (webtiles) character file.

Game seed: 2310540892589939967

39 Borgoz the Sneak (level 3, 0/19 HPs)
             Began as a Gargoyle Enchanter on Mar 9, 2019.
             Slain by a gnoll
             ... wielding a +0 club
              (6 damage)
             ... on level 2 of the Dungeon.
             The game lasted 00:01:47 (1604 turns).

Borgoz the Sneak (Gargoyle Enchanter)               Turns: 1604, Time: 00:01:47

Health: 0/19       AC:  6    Str: 11    XL:     3   Next: 47%
Magic:  6/6        EV: 11    Int: 15    God:
Gold:   82         SH:  0    Dex: 11    Spells: 3/6 levels left

rFire    . . .     SeeInvis .   a - +1 dagger
rCold    . . .     Gourm    .   (no shield)
rNeg     + . .     Faith    .   e - +0 leather armour
rPois    ∞         Spirit   .   (no helmet)
rElec    +         Reflect  .   (no cloak)
rCorr    .         Harm     .   (no gloves)
MR       .....                  (no boots)
Stlth    +.........             (no amulet)
HPRegen  0.06/turn              (no ring)
MPRegen  0.10/turn              (no ring)

@: confused
A: negative energy resistance 1, electricity resistance, unbreathing,
petrification resistance, rot immunity, AC +3
a: no special abilities


You were on level 2 of the Dungeon.
You were not hungry.

You visited 1 branch of the dungeon, and saw 2 of its levels.

You collected 82 gold pieces.

Inventory:

Hand Weapons
 a - a +1 dagger (weapon)
Armour
 e - a +0 leather armour (worn)
Jewellery
 g - a +3 ring of intelligence {unknown}
Scrolls
 b - 2 scrolls of immolation {unknown}
 c - a scroll of magic mapping {unknown}
 j - a scroll of teleportation {unknown}
 k - 2 scrolls of remove curse {unknown}
 l - a scroll of identify {unknown}
 p - a scroll of fear {unknown}
 r - a scroll of amnesia {unknown}
Potions
 h - a potion of curing {unknown}
 i - a potion of resistance {unknown}
 m - 2 potions of flight {unknown}
 n - a potion of mutation {unknown}
 q - a potion of agility {unknown}
Comestibles
 d - 3 rations


   Skills:
 + Level 1.5 Short Blades
 + Level 0.4 Armour
 + Level 1.7 Dodging
 + Level 3.6 Stealth
 + Level 2.2 Spellcasting
 + Level 3.2 Hexes


You had 3 spell levels left.
You knew the following spells:

 Your Spells              Type           Power        Failure   Level  Hunger
a - Corona                Hex            ##.....      8%          1    #......
b - Ensorcelled Hibernat  Hex/Ice        #.....       22%         2    ###....

Your spell library contained the following spells:

 Spells                   Type           Power        Failure   Level  Hunger
 Confuse                  Hex            ##......     22%         3    ###....
 Tukima's Dance           Hex            ##......     22%         3    ###....
 Dazzling Spray           Conj/Hex       #.....       41%         3    ###....


Dungeon Overview and Level Annotations

Branches:
Dungeon (2/15)

Altars:

Annotations:
D:2 Natasha


Innate Abilities, Weirdness & Mutations

You are resistant to torment.
Your stone body is resilient. (AC +3)
You are immune to poison.
You resist negative energy. (rN+)
You are resistant to electric shocks. (rElec)
You can survive without breathing.
You are immune to petrification.
You are immune to rotting.


Message History

The gnoll barely misses you.
You barely miss the gnoll. Natasha casts a spell at you.
The magic dart hits you!
Ouch! That really hurt!
* * * LOW HITPOINT WARNING * * *
The kobold throws a stone.
The stone hits you but does no damage. The gnoll hits you with a +0 club.
* * * LOW HITPOINT WARNING * * *
The kobold throws a stone.
The stone hits you but does no damage.
You see here a stone.
Natasha mumbles some strange words.
Natasha mumbles some strange words.
The crimson imp blinks!
It was a potion of ambrosia.
You are confused.
You feel invigorated.
Natasha casts a spell.
The gnoll hits you with a +0 club.
You die...

.........#####...#
##.........##.# #...# ...
...... #.# #.########
.... .... #.# #.........
.....#.# #.######........
....#.###
#(....##........ #....[#
#####.##........
#..gK.########.###.......
#).5hhhg@.5..............
#.....g..#####.###.......
#....5...# #.# #.......
########## #.# #.......
#.# ###..### #.# ##.# #..
#.## ## #..# ##.##


You could see Natasha, 3 gnolls, a crimson imp, 2 white imps, 2 jackals and a
kobold.

Vanquished Creatures
  An adder (D:2)
  3 leopard geckos (D:2)
  A ball python (D:1)
  6 goblins
  A hobgoblin (D:1)
  2 jackals (D:2)
  4 kobolds
  3 bats (D:1)
  4 rats
25 creatures vanquished.

Notes
Turn   | Place    | Note
-------+----------+-------------------------------------------
     0 | D:1      | Borgoz the Gargoyle Enchanter began the quest for the Orb.
     0 | D:1      | Reached XP level 1. HP: 10/10 MP: 3/3
   242 | D:1      | Reached skill level 1 in Short Blades
   242 | D:1      | Reached XP level 2. HP: 14/15 MP: 5/5
   870 | D:2      | Learned a level 2 spell: Ensorcelled Hibernation
  1056 | D:2      | Reached XP level 3. HP: 4/19 MP: 1/6
  1595 | D:2      | Noticed Natasha
  1604 | D:2      | Slain by a gnoll

Skill      XL: |  1 |
---------------+----+-----
Hexes          | 3 |  3.2
Short Blades   | 1 |  1.5
Armour         | |  0.4
Dodging        | |  1.7
Stealth        | |  3.6
Spellcasting   | |  2.2

Action                   || total
-------------------------++-------
Melee: Dagger            ||    81
 Cast: Ensorcelled Hiber ||     1
  Use: Potion            ||     1
 Stab: Sleeping          ||     6
  Eat: Chunk             ||     2
Armor: Robe              ||     8
       Leather armour    ||    23
Dodge: Dodged            ||    41
